Canadiens vs Predators (R1)

Created - November 10, 2019 at 19:28

Goals
1 2 3 OT1 SO T
Canadiens 2 0 2 0 0 4
Predators 2 1 1 0 1 5
Shots
1 2 3 OT1 SO T
Canadiens 10 5 18 1 4 34
Predators 11 16 6 1 4 34

1st period

1. Predators , Alexander Ovechkin 3 (Brendan Gallagher 5, Ryan Kesler 6) at 3:46
2. Canadiens , Henrik Sedin 9 (Shaone Morrisonn 2, Benoit Pouliot 11) at 6:50
3. Canadiens , Benoit Pouliot 3 (Frans Nielsen 4, Shaone Morrisonn 3) at 11:05
4. Predators , Alexander Steen 2 (Nik Antropov 1) at 16:08

Penalties :
Colton Parayko (Mon) for Hooking (Minor) at 11:16, Justin Abdelkader (Nas) for Holding (Minor) at 13:40, Justin Abdelkader (Nas) for Hooking (Minor) at 17:17

2nd period

5. Predators , Alexander Ovechkin 4 (Brendan Gallagher 6, Alexander Steen 5) at 14:26

Penalties :
Henrik Sedin (Mon) for Hooking (Minor) at 5:51, Henrik Sedin (Mon) for Tripping (Minor) at 16:17, Colton Parayko (Mon) for Hooking (Minor) at 18:20

3rd period

6. Canadiens , Benoit Pouliot 4 (Henrik Sedin 8, Corey Perry 6) at 2:34 (PP)
7. Predators , Mikael Granlund 5 (Nate Schmidt 3, John Moore 6) at 7:17 (SH)
8. Canadiens , Raphael Diaz 3 (Henrik Sedin 9, Colton Parayko 8) at 8:45 (PP)

Penalties :
Brendan Gallagher (Nas) for Boarding (Minor) at 2:19, Colton Parayko (Mon) for Hooking (Minor) at 3:10, Byron Bitz (Nas) for Hooking (Minor) at 5:23, Justin Abdelkader (Nas) for Interference (Minor) at 8:31, Brendan Gallagher (Nas) for High sticking (Minor) at 11:08, Alexander Ovechkin (Nas) for Roughing (Double Minor) at 13:12

Overtime #1

No Goal

Penalties :
No Penalty

Shootout

Canadiens, Corey Perry - Shot Misses the Net
Predators, Alexander Ovechkin - Shot Misses the Net
Canadiens, Frans Nielsen - Shot Misses the Net
Predators, Niclas Bergfors - Stopped by Henrik Lundqvist
Canadiens, Greg Stewart - Shot Misses the Net
Predators, Andy Miele - Shot Misses the Net
Canadiens, Benoit Pouliot - Shot Misses the Net
Predators, Mikael Granlund - Goal!

Penalties :
No Penalty

Goalie Stats

Henrik Lundqvist (Mon), 30 saves from 34 shots - (0.882), OTL, 5-0-3, 65:00 minutes
Viktor Fasth (Nas), 30 saves from 34 shots - (0.882), W, 6-1-1, 65:00 minutes

Players Stats for Canadiens

Player Name              G  A  P  +/- PIM S  H  SB GA TA FO     MP     PP MP  PK MP  
------------------------------------------------------------------------------------
Benoit Pouliot           2  1  3   0  0   9  2  1  3  0  0/0    23:27   7:05   1:09 
Brett Maclean            0  0  0  -1  0   0  1  1  0  0  0/0     5:49   0:48   0:00 
Bryce Lampman            0  0  0   1  0   1  0  0  0  0  0/0    16:18   4:59   2:31 
Colton Parayko           0  1  1  -1  6   2  1  2  0  0  0/0    28:22   7:25   1:14 
Corey Perry              0  1  1   0  0   3  1  0  0  1  0/3    22:41   7:05   0:00 
Dustin Boyd              0  0  0  -1  0   2  1  2  0  1  4/12   12:24   0:50   5:47 
Enver Lisin              0  0  0  -1  0   1  2  0  0  1  0/1     9:24   0:48   0:00 
Frans Nielsen            0  1  1   0  0   2  1  0  0  0  7/20   21:14   4:31   3:57 
Greg Stewart             0  0  0   0  0   3  2  1  0  0  2/4    19:22   4:31   3:02 
Henrik Sedin             1  2  3   0  4   4  1  0  0  0  25/42  20:52   7:03   0:11 
Mark Stuart              0  0  0  -1  0   1  2  2  0  1  0/0    26:51   0:00   6:10 
Nikolai Zherdev          0  0  0  -1  0   0  0  0  0  0  0/0     4:14   0:00   0:00 
Pierre-Marc Bouchard     0  0  0  -1  0   0  0  0  0  0  3/8    10:29   0:00   0:00 
Raphael Diaz             1  0  1  -2  0   2  1  1  0  0  0/0    24:59   7:25   6:07 
Shaone Morrisonn         0  2  2   2  0   1  1  1  0  1  0/0    14:01   0:00   3:48 
Steve Downie             0  0  0   0  0   1  2  1  0  0  0/1    21:53   4:31   5:44 
Viktor Stalberg          0  0  0  -1  0   1  1  0  0  0  0/1     8:06   0:00   0:00 
Vitaly Vishnevsky        0  0  0  -3  0   1  2  0  0  0  0/0    19:34   4:59   0:00 

Players Stats for Predators

Player Name              G  A  P  +/- PIM S  H  SB GA TA FO     MP     PP MP  PK MP  
------------------------------------------------------------------------------------
Adam Burish              0  0  0   0  0   2  0  0  0  0  0/1    11:51   1:08   2:58 
Alexander Edler          0  0  0  -1  0   2  0  3  0  0  0/0    35:33   6:25   7:38 
Alexander Ovechkin       2  0  2   1  4   6  1  0  1  0  4/5    24:40   5:56   1:38 
Alexander Steen          1  1  2   3  0   2  5  0  0  0  11/17  15:23   0:50   1:06 
Andy Miele               0  0  0   0  0   1  0  0  0  0  9/17   13:38   0:00   7:10 
Brendan Gallagher        0  2  2   1  4   6  2  0  1  0  0/2    21:04   5:34   0:00 
Byron Bitz               0  0  0   1  2   0  0  0  1  0  0/1    10:42   0:00   5:34 
Denis Grebeshkov         0  0  0   1  0   0  2  1  0  0  0/0     8:05   0:00   0:38 
James Van Riemsdyk       0  0  0  -1  0   1  1  0  1  0  5/7    16:27   5:27   0:00 
John Moore               0  1  1   2  0   0  3  0  0  0  0/0    21:19   3:30   4:08 
Justin Abdelkader        0  0  0   0  6   2  1  0  0  0  1/1    14:11   2:04   2:56 
Mikael Granlund          1  0  1   0  0   2  0  0  0  0  11/20  18:37   3:56   2:17 
Nate Schmidt             0  1  1   2  0   1  0  0  0  0  0/0    11:07   0:00   4:08 
Niclas Bergfors          0  0  0  -1  0   3  4  1  1  0  0/0    16:42   3:13   0:00 
Nik Antropov             0  1  1   1  0   0  0  0  0  0  1/4     5:58   0:26   0:00 
Ryan Kesler              0  1  1   0  0   2  2  2  0  0  9/17    8:16   1:11   1:09 
Ryan Mcdonagh            0  0  0  -1  0   3  0  2  0  3  0/0    35:36   6:25   7:38 
Ryan Murray              0  0  0   1  0   1  1  1  0  0  0/0    18:20   3:30   0:38 

3 Stars

1 - Alexander Steen (Nas)
2 - Benoit Pouliot (Mon)
3 - Alexander Ovechkin (Nas)

Power Play

Canadiens - 2 on 8 Attempt(s) - 25.00%
Predators - 0 on 5 Attempt(s) - 0.00%

Penalty Kill

Canadiens - 5 on 5 Attempt(s) - 100.00% - Score 0 goal in Penalty Kill
Predators - 6 on 8 Attempt(s) - 75.00% - Score 1 goal in Penalty Kill

Team Stat

Canadiens - Hits : 21 - Faceoff Wins : 41 - Blocked Shots : 12 - Penalty Minutes : 10
Predators - Hits : 22 - Faceoff Wins : 51 - Blocked Shots : 10 - Penalty Minutes : 16

Official

Referees : Unknown
Linesman : Unknown

Game Notes

Ryan Kesler is injured at 3:10 of 2nd period (Right Eye)

Finance

Level 1 -- Attendance: 4850 (80.83%) -- Ticket Income $557,750
Level 2 -- Attendance: 3570 (71.40%) -- Ticket Income $267,750
Level 3 -- Attendance: 1396 (69.80%) -- Ticket Income $69,800
Level 4 -- Attendance: 2715 (67.88%) -- Ticket Income $100,455
Luxury Box -- Attendance: 691 (69.10%) -- Ticket Income $148,565
Game was played at the Wildcat center.
Total Attendance: 13222 (73.46%)
Total Ticket Income: $1,144,320
Other Income: $171,648
Total Income: $1,315,968

Canadiens

5 vs 5 Forward 
   Center                   Left Wing                Right Wing               Time % Phy DF OF 
 1 Henrik Sedin             Benoit Pouliot           Corey Perry              40     0   1  4  
 2 Frans Nielsen            Greg Stewart             Steve Downie             30     0   1  4  
 3 Pierre-Marc Bouchard     Viktor Stalberg          Enver Lisin              20     0   2  3  
 4 Dustin Boyd              Brett Maclean            Nikolai Zherdev          10     1   2  2  

5 vs 5 Defense 
   Defense                  Defense                                           Time % Phy DF OF 
 1 Mark Stuart              Colton Parayko                                    40     0   3  2  
 2 Vitaly Vishnevsky        Raphael Diaz                                      30     0   3  2  
 3 Shaone Morrisonn         Bryce Lampman                                     20     0   3  2  
 4 Colton Parayko           Mark Stuart                                       10     0   2  3  

PowerPlay Forward 
   Center                   Left Wing                Right Wing               Time % Phy DF OF 
 1 Henrik Sedin             Benoit Pouliot           Corey Perry              60     1   2  2  
 2 Frans Nielsen            Greg Stewart             Steve Downie             40     1   2  2  

PowerPlay Defense
   Defense                  Defense                                           Time % Phy DF OF 
 1 Raphael Diaz             Colton Parayko                                    60     1   2  2  
 2 Vitaly Vishnevsky        Bryce Lampman                                     40     1   2  2  

Penalty Kill 4 Players Forward 
   Center                   Wing                     Time % Phy DF OF 
 1 Dustin Boyd              Steve Downie             60     1   2  2  
 2 Frans Nielsen            Greg Stewart             40     1   2  2  

Penalty Kill 4 Players Defense
   Defense                  Defense                  Time % Phy DF OF 
 1 Mark Stuart              Raphael Diaz             60     1   2  2  
 2 Shaone Morrisonn         Colton Parayko           40     1   2  2  

Penalty Kill - 3 Players Forward 
   Forward                                           Time % Phy DF OF 
 1 Henrik Sedin                                      60     1   2  2  
 2 Dustin Boyd                                       40     1   2  2  

Penalty Kill - 3 Players Defense
   Defense                  Defense                  Time % Phy DF OF 
 1 Bryce Lampman            Mark Stuart              60     1   2  2  
 2 Shaone Morrisonn         Raphael Diaz             40     1   2  2  

4 vs 4 Forward 
   Center                   Wing                     Time % Phy DF OF 
 1 Pierre-Marc Bouchard     Corey Perry              60     1   2  2  
 2 Henrik Sedin             Benoit Pouliot           40     1   2  2  

4 vs 4 Defense
   Defense                  Defense                  Time % Phy DF OF 
 1 Vitaly Vishnevsky        Mark Stuart              60     1   2  2  
 2 Shaone Morrisonn         Mark Stuart              40     1   2  2  

Last Minutes Offensive
   Center                   Left Wing                Right Wing               Defense                  Defense                  
   Frans Nielsen            Benoit Pouliot           Corey Perry              Raphael Diaz             Vitaly Vishnevsky        

Last Minutes Defensive
   Center                   Left Wing                Right Wing               Defense                  Defense                  
   Frans Nielsen            Greg Stewart             Steve Downie             Shaone Morrisonn         Mark Stuart              

Goaltenders
Starting : Henrik Lundqvist         
Backup : Allen York               

Extra Forwards
Normal : Corey Perry, Benoit Pouliot, Frans Nielsen - PP : Corey Perry, Benoit Pouliot - PK : Steve Downie
Extra Defensemen
Normal : Colton Parayko, Mark Stuart, Raphael Diaz - PP : Vitaly Vishnevsky - PK : Shaone Morrisonn, Mark Stuart
Penalty Shots
Corey Perry, Frans Nielsen, Greg Stewart, Benoit Pouliot, Henrik Sedin

Scratches
None

Predators

5 vs 5 Forward 
   Center                   Left Wing                Right Wing               Time % Phy DF OF 
 1 Ryan Kesler              Alexander Ovechkin       Brendan Gallagher        40     1   2  2  
 2 Mikael Granlund          James Van Riemsdyk       Niclas Bergfors          30     1   2  2  
 3 Nik Antropov             Alexander Steen          Byron Bitz               17     1   2  2  
 4 Andy Miele               Justin Abdelkader        Adam Burish              13     2   1  2  

5 vs 5 Defense 
   Defense                  Defense                                           Time % Phy DF OF 
 1 Ryan Mcdonagh            Alexander Edler                                   40     1   2  2  
 2 John Moore               Ryan Murray                                       30     1   2  2  
 3 Nate Schmidt             Denis Grebeshkov                                  20     1   2  2  
 4 Ryan Mcdonagh            Alexander Edler                                   10     1   2  2  

PowerPlay Forward 
   Center                   Left Wing                Right Wing               Time % Phy DF OF 
 1 Ryan Kesler              Alexander Ovechkin       Brendan Gallagher        60     1   2  2  
 2 Mikael Granlund          James Van Riemsdyk       Niclas Bergfors          40     1   2  2  

PowerPlay Defense
   Defense                  Defense                                           Time % Phy DF OF 
 1 Ryan Mcdonagh            Alexander Edler                                   60     1   2  2  
 2 John Moore               Ryan Murray                                       40     1   2  2  

Penalty Kill 4 Players Forward 
   Center                   Wing                     Time % Phy DF OF 
 1 Andy Miele               Byron Bitz               60     1   2  2  
 2 Ryan Kesler              Adam Burish              40     1   2  2  

Penalty Kill 4 Players Defense
   Defense                  Defense                  Time % Phy DF OF 
 1 Ryan Mcdonagh            Alexander Edler          60     1   2  2  
 2 John Moore               Nate Schmidt             40     1   2  2  

Penalty Kill - 3 Players Forward 
   Forward                                           Time % Phy DF OF 
 1 Andy Miele                                        60     1   2  2  
 2 Adam Burish                                       40     1   2  2  

Penalty Kill - 3 Players Defense
   Defense                  Defense                  Time % Phy DF OF 
 1 Ryan Mcdonagh            Alexander Edler          60     1   2  2  
 2 John Moore               Nate Schmidt             40     1   2  2  

4 vs 4 Forward 
   Center                   Wing                     Time % Phy DF OF 
 1 Alexander Ovechkin       Niclas Bergfors          60     1   2  2  
 2 Ryan Kesler              Brendan Gallagher        40     1   2  2  

4 vs 4 Defense
   Defense                  Defense                  Time % Phy DF OF 
 1 Ryan Mcdonagh            Alexander Edler          60     1   2  2  
 2 John Moore               Ryan Murray              40     1   2  2  

Last Minutes Offensive
   Center                   Left Wing                Right Wing               Defense                  Defense                  
   Ryan Kesler              Alexander Ovechkin       Niclas Bergfors          Ryan Mcdonagh            Alexander Edler          

Last Minutes Defensive
   Center                   Left Wing                Right Wing               Defense                  Defense                  
   Ryan Kesler              Alexander Ovechkin       Niclas Bergfors          Ryan Mcdonagh            Alexander Edler          

Goaltenders
Starting : Viktor Fasth             
Backup : Anders Lindback          

Extra Forwards
Normal : Alexander Steen, Justin Abdelkader, Adam Burish - PP : James Van Riemsdyk, Justin Abdelkader - PK : Justin Abdelkader
Extra Defensemen
Normal : Ryan Murray, Nate Schmidt, John Moore - PP : Denis Grebeshkov - PK : Ryan Murray, Denis Grebeshkov
Penalty Shots
Alexander Ovechkin, Niclas Bergfors, Ryan Kesler, Mikael Granlund, Alexander Steen

Scratches
Dmitri Kalinin (Healthy)

% Time on Ice - Canadiens

Lines # - Real PCT - Wanted PCT - Time Play
Normal Forward
1 - 36% - 40% - 13:41
2 - 31% - 30% - 11:40
3 - 21% - 20% - 8:06
4 - 11% - 10% - 4:14
Normal Defense
1 - 45% - 40% - 17:01
2 - 32% - 30% - 11:53
3 - 20% - 20% - 7:37
4 - 3% - 10% - 1:10
PP Forward
1 - 64% - 60% - 7:53
2 - 36% - 40% - 4:31
PP Defense
1 - 60% - 60% - 7:25
2 - 40% - 40% - 4:59
PK Forward
1 - 69% - 60% - 6:53
2 - 31% - 40% - 3:02
PK Defense
1 - 62% - 60% - 6:07
2 - 38% - 40% - 3:48
PK3 Forward
1 - 0% - 60%
2 - 0% - 40%
PK3 Defense
1 - 0% - 60%
2 - 0% - 40%
44 Forward
1 - 90% - 60% - 4:31
2 - 10% - 40% - 0:29
44 Defense
1 - 59% - 60% - 2:56
2 - 41% - 40% - 2:04
Last Minute Offensive  - 0:00
Last Minute Defensive  - 0:00
Total
Forward - 65:00
Defense - 65:00

% Time on Ice - Predators

Lines # - Real PCT - Wanted PCT - Time Play
Normal Forward
1 - 41% - 40% - 15:26
2 - 29% - 30% - 11:06
3 - 13% - 17% - 4:58
4 - 16% - 13% - 6:11
Normal Defense
1 - 46% - 40% - 17:23
2 - 31% - 30% - 11:36
3 - 20% - 20% - 7:27
4 - 3% - 10% - 1:15
PP Forward
1 - 68% - 60% - 6:42
2 - 32% - 40% - 3:13
PP Defense
1 - 65% - 60% - 6:25
2 - 35% - 40% - 3:30
PK Forward
1 - 73% - 60% - 9:04
2 - 27% - 40% - 3:20
PK Defense
1 - 67% - 60% - 8:16
2 - 33% - 40% - 4:08
PK3 Forward
1 - 0% - 60%
2 - 0% - 40%
PK3 Defense
1 - 0% - 60%
2 - 0% - 40%
44 Forward
1 - 75% - 60% - 3:45
2 - 25% - 40% - 1:15
44 Defense
1 - 57% - 60% - 2:52
2 - 43% - 40% - 2:08
Last Minute Offensive  - 0:00
Last Minute Defensive  - 0:00
Total
Forward - 65:00
Defense - 65:00

Play-by-Play

1st period


0:01 of 1st period - Ryan Kesler wins face-off versus Henrik Sedin in neutral zone.
0:45 of 1st period - Mark Stuart is hit by Alexander Steen and loses puck.
1:51 of 1st period - Slapshot by Dustin Boyd.
1:51 of 1st period - Stopped by Viktor Fasth without a rebound.
1:52 of 1st period - Mikael Granlund wins face-off versus Frans Nielsen in Predators zone.
1:52 of 1st period - Mikael Granlund is hit by Greg Stewart.
2:04 of 1st period - Snap shot by Frans Nielsen.
2:04 of 1st period - Shot Hit the Post.
2:06 of 1st period - Slapshot by Shaone Morrisonn.
2:06 of 1st period - Deflect By Greg Stewart.
2:06 of 1st period - Shot Blocked by Niclas Bergfors.
2:06 of 1st period - Puck is out of play.
2:07 of 1st period - Pierre-Marc Bouchard wins face-off versus Ryan Kesler in Predators zone.
2:24 of 1st period - Wrist shot by Enver Lisin.
2:24 of 1st period - Stopped by Viktor Fasth with a rebound.
2:34 of 1st period - Greg Stewart is hit by James Van Riemsdyk and loses puck.
3:03 of 1st period - Andy Miele is hit by Vitaly Vishnevsky and loses puck.
3:24 of 1st period - Snap shot by Nik Antropov.
3:24 of 1st period - Shot Blocked by Brett Maclean.
3:26 of 1st period - Snap shot by Denis Grebeshkov.
3:26 of 1st period - Shot Misses the Net.
3:38 of 1st period - Slapshot by Ryan Kesler.
3:38 of 1st period - Shot Blocked by Dustin Boyd.
3:40 of 1st period - Slapshot by Brendan Gallagher.
3:40 of 1st period - Shot Blocked by Raphael Diaz.
3:46 of 1st period - Snap shot by Alexander Ovechkin.
3:46 of 1st period - Goal by Alexander Ovechkin - Canadiens : 0 - Predators : 1.
3:47 of 1st period - Ryan Kesler wins face-off versus Henrik Sedin in neutral zone.
4:44 of 1st period - Snap shot by Byron Bitz.
4:44 of 1st period - Shot Misses the Net.
5:02 of 1st period - Nate Schmidt is hit by Brett Maclean and loses puck.
5:07 of 1st period - Slapshot by Dustin Boyd.
5:07 of 1st period - Shot Misses the Net.
5:09 of 1st period - Wrist shot by Dustin Boyd.
5:09 of 1st period - Stopped by Viktor Fasth without a rebound.
5:10 of 1st period - James Van Riemsdyk wins face-off versus Corey Perry in Predators zone.
5:10 of 1st period - James Van Riemsdyk is hit by Colton Parayko.
5:42 of 1st period - Backhand shot by Ryan Kesler.
5:42 of 1st period - Stopped by Henrik Lundqvist with a rebound.
6:27 of 1st period - Snap shot by Alexander Edler.
6:27 of 1st period - Stopped by Henrik Lundqvist without a rebound.
6:28 of 1st period - Dustin Boyd wins face-off versus Nik Antropov in Canadiens zone.
6:30 of 1st period - Icing by Brett Maclean.
6:31 of 1st period - Ryan Kesler wins face-off versus Dustin Boyd in Canadiens zone.
6:34 of 1st period - Slapshot by Alexander Ovechkin.
6:34 of 1st period - Stopped by Henrik Lundqvist without a rebound.
6:35 of 1st period - Henrik Sedin wins face-off versus Alexander Ovechkin in Canadiens zone.
6:42 of 1st period - Wrist shot by Corey Perry.
6:42 of 1st period - Stopped by Viktor Fasth with a rebound.
6:46 of 1st period - Snap shot by Benoit Pouliot.
6:46 of 1st period - Shot Misses the Net.
6:48 of 1st period - Backhand shot by Shaone Morrisonn.
6:48 of 1st period - Shot Blocked by Ryan Mcdonagh.
6:50 of 1st period - Wrist shot by Henrik Sedin.
6:50 of 1st period - Goal by Henrik Sedin - Canadiens : 1 - Predators : 1.
6:51 of 1st period - Henrik Sedin wins face-off versus Mikael Granlund in neutral zone.
6:53 of 1st period - Off-side.
6:54 of 1st period - Henrik Sedin wins face-off versus Mikael Granlund in neutral zone.
7:01 of 1st period - Off-side.
7:02 of 1st period - Ryan Kesler wins face-off versus Frans Nielsen in neutral zone.
7:07 of 1st period - Wrist shot by Ryan Kesler.
7:07 of 1st period - Deflect By Brendan Gallagher.
7:07 of 1st period - Shot Misses the Net.
7:07 of 1st period - Puck is out of play.
7:08 of 1st period - Frans Nielsen wins face-off versus Ryan Kesler in Canadiens zone.
7:08 of 1st period - Frans Nielsen is hit by Ryan Kesler.
7:14 of 1st period - Backhand shot by Alexander Ovechkin.
7:14 of 1st period - Stopped by Henrik Lundqvist without a rebound.
7:15 of 1st period - Mikael Granlund wins face-off versus Henrik Sedin in Canadiens zone.
7:16 of 1st period - Snap shot by James Van Riemsdyk.
7:16 of 1st period - Shot Misses the Net.
7:28 of 1st period - Snap shot by James Van Riemsdyk.
7:28 of 1st period - Shot Blocked by Colton Parayko.
7:45 of 1st period - Off-side.
7:46 of 1st period - Ryan Kesler wins face-off versus Frans Nielsen in neutral zone.
7:49 of 1st period - Wrist shot by Brendan Gallagher.
7:49 of 1st period - Stopped by Henrik Lundqvist without a rebound.
7:50 of 1st period - Henrik Sedin wins face-off versus Ryan Kesler in Canadiens zone.
7:50 of 1st period - Henrik Sedin is hit by Ryan Kesler.
7:56 of 1st period - Alexander Ovechkin is hit by Henrik Sedin and loses puck.
8:05 of 1st period - Snap shot by Ryan Kesler.
8:05 of 1st period - Deflect By Brendan Gallagher.
8:05 of 1st period - Shot Misses the Net.
8:05 of 1st period - Puck is out of play.
8:06 of 1st period - Frans Nielsen wins face-off versus Mikael Granlund in Canadiens zone.
8:58 of 1st period - Wrist shot by Brett Maclean.
8:58 of 1st period - Shot Misses the Net.
10:28 of 1st period - Snap shot by Dustin Boyd.
10:28 of 1st period - Shot Misses the Net.
10:30 of 1st period - Slapshot by Mark Stuart.
10:30 of 1st period - Stopped by Viktor Fasth with a rebound.
10:32 of 1st period - Slapshot by Colton Parayko.
10:32 of 1st period - Deflect By Nikolai Zherdev.
10:32 of 1st period - Shot Blocked by Ryan Murray.
10:32 of 1st period - Puck is out of play.
10:33 of 1st period - Frans Nielsen wins face-off versus Ryan Kesler in Predators zone.
10:34 of 1st period - Wrist shot by Greg Stewart.
10:34 of 1st period - Shot Blocked by Denis Grebeshkov.
10:36 of 1st period - Snap shot by Shaone Morrisonn.
10:36 of 1st period - Stopped by Viktor Fasth with a rebound.
10:38 of 1st period - Snap shot by Bryce Lampman.
10:38 of 1st period - Deflect By Frans Nielsen.
10:38 of 1st period - Stopped by Viktor Fasth without a rebound.
10:39 of 1st period - Ryan Kesler wins face-off versus Frans Nielsen in Predators zone.
10:44 of 1st period - Alexander Ovechkin is hit by Steve Downie and loses puck.
11:05 of 1st period - Backhand shot by Frans Nielsen.
11:05 of 1st period - Deflect By Benoit Pouliot.
11:05 of 1st period - Goal by Benoit Pouliot - Canadiens : 2 - Predators : 1.
11:06 of 1st period - Henrik Sedin wins face-off versus Ryan Kesler in neutral zone.
11:16 of 1st period - Minor Penalty to Colton Parayko for Hooking.
11:17 of 1st period - Dustin Boyd wins face-off versus Ryan Kesler in Canadiens zone.
11:17 of 1st period - Dustin Boyd is hit by Brendan Gallagher.
11:29 of 1st period - Slapshot by Alexander Edler.
11:29 of 1st period - Stopped by Henrik Lundqvist with a rebound.
11:31 of 1st period - Slapshot by Ryan Mcdonagh.
11:31 of 1st period - Deflect By Steve Downie.
11:31 of 1st period - Stopped by Henrik Lundqvist without a rebound.
11:32 of 1st period - Ryan Kesler wins face-off versus Dustin Boyd in Canadiens zone.
11:37 of 1st period - Slapshot by Ryan Kesler.
11:37 of 1st period - Stopped by Henrik Lundqvist with a rebound.
13:16 of 1st period - Penalty to Colton Parayko is over, Colton Parayko is back on ice.
13:40 of 1st period - Minor Penalty to Justin Abdelkader for Holding.
13:41 of 1st period - Andy Miele wins face-off versus Henrik Sedin in Predators zone.
14:15 of 1st period - Wrist shot by Steve Downie.
14:15 of 1st period - Shot Misses the Net.
14:17 of 1st period - Backhand shot by Raphael Diaz.
14:17 of 1st period - Stopped by Viktor Fasth with a rebound.
15:40 of 1st period - Penalty to Justin Abdelkader is over, Justin Abdelkader is back on ice.
15:52 of 1st period - Wrist shot by Dustin Boyd.
15:52 of 1st period - Shot Misses the Net.
15:56 of 1st period - Snap shot by Dustin Boyd.
15:56 of 1st period - Shot Blocked by Alexander Edler.
16:06 of 1st period - Snap shot by Alexander Ovechkin.
16:06 of 1st period - Deflect By Justin Abdelkader.
16:06 of 1st period - Shot Blocked by Dustin Boyd.
16:06 of 1st period - Puck is out of play.
16:07 of 1st period - Nik Antropov wins face-off versus Viktor Stalberg in Canadiens zone.
16:08 of 1st period - Slapshot by Alexander Steen.
16:08 of 1st period - Goal by Alexander Steen - Canadiens : 2 - Predators : 2.
16:09 of 1st period - Henrik Sedin wins face-off versus Ryan Kesler in neutral zone.
16:09 of 1st period - Henrik Sedin is hit by Ryan Murray.
16:19 of 1st period - Wrist shot by Benoit Pouliot.
16:19 of 1st period - Shot Blocked by Ryan Kesler.
16:59 of 1st period - Wrist shot by Justin Abdelkader.
16:59 of 1st period - Stopped by Henrik Lundqvist with a rebound.
17:01 of 1st period - Slapshot by John Moore.
17:01 of 1st period - Shot Misses the Net.
17:05 of 1st period - Slapshot by Justin Abdelkader.
17:05 of 1st period - Shot Misses the Net.
17:17 of 1st period - Minor Penalty to Justin Abdelkader for Hooking.
17:18 of 1st period - Andy Miele wins face-off versus Henrik Sedin in Predators zone.
19:17 of 1st period - Penalty to Justin Abdelkader is over, Justin Abdelkader is back on ice.
19:22 of 1st period - Vitaly Vishnevsky is hit by Denis Grebeshkov and loses puck.
Goals for this period are 2 for Canadiens vs 2 for Predators.
Shots for this period are 10 for Canadiens vs 11 for Predators.

2nd period


0:01 of 2nd period - Henrik Sedin wins face-off versus Ryan Kesler in neutral zone.
1:50 of 2nd period - Icing by Shaone Morrisonn.
1:51 of 2nd period - Frans Nielsen wins face-off versus Mikael Granlund in Canadiens zone.
2:00 of 2nd period - Wrist shot by James Van Riemsdyk.
2:00 of 2nd period - Shot Blocked by Steve Downie.
2:02 of 2nd period - Slapshot by Mikael Granlund.
2:02 of 2nd period - Stopped by Henrik Lundqvist without a rebound.
2:03 of 2nd period - Ryan Kesler wins face-off versus Henrik Sedin in Canadiens zone.
2:04 of 2nd period - Wrist shot by Alexander Ovechkin.
2:04 of 2nd period - Deflect By Brendan Gallagher.
2:04 of 2nd period - Shot Blocked by Mark Stuart.
2:04 of 2nd period - Puck is out of play.
2:05 of 2nd period - Ryan Kesler wins face-off versus Henrik Sedin in Canadiens zone.
2:12 of 2nd period - Slapshot by Alexander Ovechkin.
2:12 of 2nd period - Stopped by Henrik Lundqvist with a rebound.
2:18 of 2nd period - Wrist shot by Henrik Sedin.
2:18 of 2nd period - Shot Misses the Net.
2:20 of 2nd period - Snap shot by Corey Perry.
2:20 of 2nd period - Stopped by Viktor Fasth without a rebound.
2:21 of 2nd period - Mikael Granlund wins face-off versus Frans Nielsen in Predators zone.
3:10 of 2nd period - Snap shot by Steve Downie.
3:10 of 2nd period - Shot Blocked by Ryan Kesler.
3:10 of 2nd period - Ryan Kesler from Predators is injured at 3:10 of 2nd period (Right Eye).
3:11 of 2nd period - Henrik Sedin wins face-off versus Brendan Gallagher in Predators zone.
3:47 of 2nd period - Icing by Raphael Diaz.
3:48 of 2nd period - Mikael Granlund wins face-off versus Frans Nielsen in Canadiens zone.
4:56 of 2nd period - Mark Stuart is hit by Niclas Bergfors and loses puck.
5:22 of 2nd period - Justin Abdelkader is hit by Enver Lisin and loses puck.
5:41 of 2nd period - Slapshot by Alexander Ovechkin.
5:41 of 2nd period - Stopped by Henrik Lundqvist without a rebound.
5:42 of 2nd period - Henrik Sedin wins face-off versus Mikael Granlund in Canadiens zone.
5:42 of 2nd period - Henrik Sedin is hit by Denis Grebeshkov.
5:48 of 2nd period - Snap shot by Niclas Bergfors.
5:48 of 2nd period - Stopped by Henrik Lundqvist without a rebound.
5:49 of 2nd period - Henrik Sedin wins face-off versus Mikael Granlund in Canadiens zone.
5:51 of 2nd period - Minor Penalty to Henrik Sedin for Hooking.
5:52 of 2nd period - James Van Riemsdyk wins face-off versus Steve Downie in Canadiens zone.
6:00 of 2nd period - Snap shot by James Van Riemsdyk.
6:00 of 2nd period - Stopped by Henrik Lundqvist with a rebound.
6:05 of 2nd period - Off-side.
6:06 of 2nd period - Dustin Boyd wins face-off versus James Van Riemsdyk in neutral zone.
7:03 of 2nd period - Shaone Morrisonn is hit by Niclas Bergfors and loses puck.
7:26 of 2nd period - Alexander Edler is hit by Frans Nielsen and loses puck.
7:51 of 2nd period - Penalty to Henrik Sedin is over, Henrik Sedin is back on ice.
8:05 of 2nd period - Justin Abdelkader is hit by Benoit Pouliot and loses puck.
8:14 of 2nd period - Denis Grebeshkov is hit by Corey Perry and loses puck.
8:25 of 2nd period - Justin Abdelkader is hit by Viktor Stalberg and loses puck.
8:36 of 2nd period - Snap shot by Adam Burish.
8:36 of 2nd period - Stopped by Henrik Lundqvist with a rebound.
8:38 of 2nd period - Snap shot by Andy Miele.
8:38 of 2nd period - Stopped by Henrik Lundqvist without a rebound.
8:39 of 2nd period - Henrik Sedin wins face-off versus Nik Antropov in Canadiens zone.
9:03 of 2nd period - Bryce Lampman is hit by Brendan Gallagher and loses puck.
9:57 of 2nd period - Snap shot by Byron Bitz.
9:57 of 2nd period - Shot Misses the Net.
11:26 of 2nd period - Henrik Sedin is hit by Alexander Steen and loses puck.
11:41 of 2nd period - Andy Miele is hit by Enver Lisin and loses puck.
11:50 of 2nd period - Shaone Morrisonn is hit by Justin Abdelkader and loses puck.
11:54 of 2nd period - Icing by Shaone Morrisonn.
11:55 of 2nd period - Mikael Granlund wins face-off versus Pierre-Marc Bouchard in Canadiens zone.
12:35 of 2nd period - Off-side.
12:36 of 2nd period - Henrik Sedin wins face-off versus Alexander Steen in neutral zone.
12:49 of 2nd period - Snap shot by Alexander Ovechkin.
12:49 of 2nd period - Shot Blocked by Colton Parayko.
12:51 of 2nd period - Wrist shot by Brendan Gallagher.
12:51 of 2nd period - Stopped by Henrik Lundqvist without a rebound.
12:52 of 2nd period - Mikael Granlund wins face-off versus Frans Nielsen in Canadiens zone.
12:55 of 2nd period - Snap shot by Niclas Bergfors.
12:55 of 2nd period - Shot Blocked by Greg Stewart.
13:19 of 2nd period - Alexander Steen is hit by Mark Stuart and loses puck.
13:28 of 2nd period - Wrist shot by Enver Lisin.
13:28 of 2nd period - Shot Misses the Net.
13:48 of 2nd period - Snap shot by Justin Abdelkader.
13:48 of 2nd period - Stopped by Henrik Lundqvist without a rebound.
13:49 of 2nd period - Henrik Sedin wins face-off versus Mikael Granlund in Canadiens zone.
13:49 of 2nd period - Henrik Sedin is hit by John Moore.
13:55 of 2nd period - Snap shot by Corey Perry.
13:55 of 2nd period - Shot Misses the Net.
13:57 of 2nd period - Slapshot by Colton Parayko.
13:57 of 2nd period - Deflect By Henrik Sedin.
13:57 of 2nd period - Stopped by Viktor Fasth with a rebound.
14:15 of 2nd period - Colton Parayko is hit by Alexander Steen and loses puck.
14:20 of 2nd period - Snap shot by Brendan Gallagher.
14:20 of 2nd period - Stopped by Henrik Lundqvist with a rebound.
14:22 of 2nd period - Snap shot by Alexander Steen.
14:22 of 2nd period - Stopped by Henrik Lundqvist without a rebound.
14:23 of 2nd period - Alexander Steen wins face-off versus Henrik Sedin in Canadiens zone.
14:26 of 2nd period - Snap shot by Brendan Gallagher.
14:26 of 2nd period - Deflect By Alexander Ovechkin.
14:26 of 2nd period - Goal by Alexander Ovechkin - Canadiens : 2 - Predators : 3.
14:27 of 2nd period - Henrik Sedin wins face-off versus Alexander Steen in neutral zone.
14:29 of 2nd period - Off-side.
14:30 of 2nd period - Henrik Sedin wins face-off versus Brendan Gallagher in neutral zone.
14:39 of 2nd period - Slapshot by Benoit Pouliot.
14:39 of 2nd period - Stopped by Viktor Fasth with a rebound.
14:41 of 2nd period - Slapshot by Colton Parayko.
14:41 of 2nd period - Stopped by Viktor Fasth with a rebound.
14:43 of 2nd period - Slapshot by Benoit Pouliot.
14:43 of 2nd period - Deflect By Ryan Mcdonagh.
14:43 of 2nd period - Shot Misses the Net.
14:43 of 2nd period - Puck is out of play.
14:44 of 2nd period - Alexander Steen wins face-off versus Henrik Sedin in Predators zone.
14:46 of 2nd period - Icing by Alexander Edler.
14:47 of 2nd period - Henrik Sedin wins face-off versus Alexander Steen in Predators zone.
14:48 of 2nd period - Snap shot by Benoit Pouliot.
14:48 of 2nd period - Stopped by Viktor Fasth without a rebound.
14:49 of 2nd period - Alexander Steen wins face-off versus Henrik Sedin in Predators zone.
15:04 of 2nd period - Snap shot by Henrik Sedin.
15:04 of 2nd period - Deflect By Corey Perry.
15:04 of 2nd period - Shot Misses the Net.
15:04 of 2nd period - Puck is out of play.
15:05 of 2nd period - Mikael Granlund wins face-off versus Greg Stewart in Predators zone.
15:12 of 2nd period - Slapshot by Ryan Mcdonagh.
15:12 of 2nd period - Stopped by Henrik Lundqvist without a rebound.
15:13 of 2nd period - Mikael Granlund wins face-off versus Frans Nielsen in Canadiens zone.
15:52 of 2nd period - Backhand shot by James Van Riemsdyk.
15:52 of 2nd period - Shot Misses the Net.
15:54 of 2nd period - Slapshot by Ryan Mcdonagh.
15:54 of 2nd period - Shot Misses the Net.
16:06 of 2nd period - Wrist shot by Niclas Bergfors.
16:06 of 2nd period - Stopped by Henrik Lundqvist without a rebound.
16:07 of 2nd period - Alexander Steen wins face-off versus Corey Perry in Canadiens zone.
16:17 of 2nd period - Minor Penalty to Henrik Sedin for Tripping.
16:18 of 2nd period - James Van Riemsdyk wins face-off versus Dustin Boyd in Canadiens zone.
16:28 of 2nd period - Slapshot by Alexander Edler.
16:28 of 2nd period - Deflect By Brendan Gallagher.
16:28 of 2nd period - Stopped by Henrik Lundqvist without a rebound.
16:29 of 2nd period - James Van Riemsdyk wins face-off versus Dustin Boyd in Canadiens zone.
17:51 of 2nd period - Slapshot by Brendan Gallagher.
17:51 of 2nd period - Stopped by Henrik Lundqvist without a rebound.
17:52 of 2nd period - Mikael Granlund wins face-off versus Dustin Boyd in Canadiens zone.
18:17 of 2nd period - Penalty to Henrik Sedin is over, Henrik Sedin is back on ice.
18:20 of 2nd period - Minor Penalty to Colton Parayko for Hooking.
18:21 of 2nd period - Mikael Granlund wins face-off versus Dustin Boyd in Canadiens zone.
18:40 of 2nd period - Mikael Granlund is hit by Dustin Boyd and loses puck.
19:03 of 2nd period - Alexander Ovechkin is hit by Shaone Morrisonn and loses puck.
19:44 of 2nd period - Dustin Boyd is hit by Alexander Steen and loses puck.
Goals for this period are 0 for Canadiens vs 1 for Predators.
Shots for this period are 5 for Canadiens vs 16 for Predators.

3rd period


0:01 of 3rd period - Dustin Boyd wins face-off versus James Van Riemsdyk in neutral zone.
0:20 of 3rd period - Penalty to Colton Parayko is over, Colton Parayko is back on ice.
0:37 of 3rd period - Wrist shot by Henrik Sedin.
0:37 of 3rd period - Deflect By Benoit Pouliot.
0:37 of 3rd period - Stopped by Viktor Fasth without a rebound.
0:38 of 3rd period - Henrik Sedin wins face-off versus Andy Miele in Predators zone.
0:55 of 3rd period - Snap shot by Benoit Pouliot.
0:55 of 3rd period - Stopped by Viktor Fasth without a rebound.
0:56 of 3rd period - Frans Nielsen wins face-off versus Alexander Steen in Predators zone.
1:54 of 3rd period - Off-side.
1:55 of 3rd period - Greg Stewart wins face-off versus Mikael Granlund in neutral zone.
1:58 of 3rd period - Snap shot by Frans Nielsen.
1:58 of 3rd period - Deflect By Steve Downie.
1:58 of 3rd period - Shot Blocked by Alexander Edler.
1:58 of 3rd period - Puck is out of play.
1:59 of 3rd period - Mikael Granlund wins face-off versus Frans Nielsen in Predators zone.
2:10 of 3rd period - Snap shot by Niclas Bergfors.
2:10 of 3rd period - Stopped by Henrik Lundqvist without a rebound.
2:11 of 3rd period - Henrik Sedin wins face-off versus Alexander Steen in Canadiens zone.
2:19 of 3rd period - Minor Penalty to Brendan Gallagher for Boarding.
2:20 of 3rd period - Andy Miele wins face-off versus Henrik Sedin in Predators zone.
2:34 of 3rd period - Snap shot by Benoit Pouliot.
2:34 of 3rd period - Goal by Benoit Pouliot - Canadiens : 3 - Predators : 3.
2:35 of 3rd period - Alexander Steen wins face-off versus Henrik Sedin in neutral zone.
2:50 of 3rd period - Slapshot by Alexander Ovechkin.
2:50 of 3rd period - Shot Misses the Net.
3:10 of 3rd period - Minor Penalty to Colton Parayko for Hooking.
3:11 of 3rd period - James Van Riemsdyk wins face-off versus Dustin Boyd in Canadiens zone.
4:17 of 3rd period - Steve Downie is hit by Niclas Bergfors and loses puck.
4:46 of 3rd period - Mark Stuart is hit by Alexander Ovechkin and loses puck.
5:10 of 3rd period - Penalty to Colton Parayko is over, Colton Parayko is back on ice.
5:18 of 3rd period - Off-side.
5:19 of 3rd period - Pierre-Marc Bouchard wins face-off versus Nik Antropov in neutral zone.
5:23 of 3rd period - Minor Penalty to Byron Bitz for Hooking.
5:24 of 3rd period - Andy Miele wins face-off versus Henrik Sedin in Predators zone.
5:31 of 3rd period - Off-side.
5:32 of 3rd period - Henrik Sedin wins face-off versus Andy Miele in neutral zone.
5:51 of 3rd period - Slapshot by Henrik Sedin.
5:51 of 3rd period - Stopped by Viktor Fasth without a rebound.
5:52 of 3rd period - Greg Stewart wins face-off versus Andy Miele in Predators zone.
6:03 of 3rd period - Snap shot by Steve Downie.
6:03 of 3rd period - Stopped by Viktor Fasth without a rebound.
6:04 of 3rd period - Henrik Sedin wins face-off versus Andy Miele in Predators zone.
6:05 of 3rd period - Wrist shot by Benoit Pouliot.
6:05 of 3rd period - Stopped by Viktor Fasth without a rebound.
6:06 of 3rd period - Henrik Sedin wins face-off versus Andy Miele in Predators zone.
6:33 of 3rd period - Snap shot by Corey Perry.
6:33 of 3rd period - Shot Blocked by Ryan Mcdonagh.
6:35 of 3rd period - Snap shot by Greg Stewart.
6:35 of 3rd period - Shot Misses the Net.
6:37 of 3rd period - Wrist shot by Frans Nielsen.
6:37 of 3rd period - Stopped by Viktor Fasth with a rebound.
7:17 of 3rd period - Snap shot by Mikael Granlund.
7:17 of 3rd period - Goal by Mikael Granlund - Canadiens : 3 - Predators : 4.
7:18 of 3rd period - Andy Miele wins face-off versus Henrik Sedin in neutral zone.
7:23 of 3rd period - Penalty to Byron Bitz is over, Byron Bitz is back on ice.
7:33 of 3rd period - Snap shot by Byron Bitz.
7:33 of 3rd period - Deflect By Justin Abdelkader.
7:33 of 3rd period - Shot Blocked by Benoit Pouliot.
7:33 of 3rd period - Puck is out of play.
7:34 of 3rd period - Alexander Steen wins face-off versus Frans Nielsen in Canadiens zone.
8:13 of 3rd period - Slapshot by Niclas Bergfors.
8:13 of 3rd period - Shot Misses the Net.
8:22 of 3rd period - Icing by Colton Parayko.
8:23 of 3rd period - Pierre-Marc Bouchard wins face-off versus Adam Burish in Canadiens zone.
8:28 of 3rd period - Slapshot by Colton Parayko.
8:28 of 3rd period - Deflect By Adam Burish.
8:28 of 3rd period - Stopped by Viktor Fasth without a rebound.
8:29 of 3rd period - Andy Miele wins face-off versus Pierre-Marc Bouchard in Predators zone.
8:31 of 3rd period - Minor Penalty to Justin Abdelkader for Interference.
8:32 of 3rd period - Andy Miele wins face-off versus Henrik Sedin in Predators zone.
8:45 of 3rd period - Slapshot by Raphael Diaz.
8:45 of 3rd period - Goal by Raphael Diaz - Canadiens : 4 - Predators : 4.
8:46 of 3rd period - Alexander Steen wins face-off versus Henrik Sedin in neutral zone.
9:00 of 3rd period - Slapshot by Corey Perry.
9:00 of 3rd period - Shot Misses the Net.
9:02 of 3rd period - Slapshot by Corey Perry.
9:02 of 3rd period - Stopped by Viktor Fasth without a rebound.
9:03 of 3rd period - Frans Nielsen wins face-off versus Mikael Granlund in Predators zone.
9:06 of 3rd period - Snap shot by Frans Nielsen.
9:06 of 3rd period - Shot Blocked by Alexander Edler.
9:57 of 3rd period - Wrist shot by Viktor Stalberg.
9:57 of 3rd period - Stopped by Viktor Fasth without a rebound.
9:58 of 3rd period - Alexander Steen wins face-off versus Frans Nielsen in Predators zone.
11:05 of 3rd period - Off-side.
11:06 of 3rd period - Alexander Steen wins face-off versus Dustin Boyd in neutral zone.
11:08 of 3rd period - Minor Penalty to Brendan Gallagher for High sticking.
11:09 of 3rd period - Henrik Sedin wins face-off versus Andy Miele in Predators zone.
11:20 of 3rd period - Snap shot by Benoit Pouliot.
11:20 of 3rd period - Stopped by Viktor Fasth with a rebound.
11:22 of 3rd period - Wrist shot by Henrik Sedin.
11:22 of 3rd period - Stopped by Viktor Fasth without a rebound.
11:23 of 3rd period - Henrik Sedin wins face-off versus Byron Bitz in Predators zone.
11:59 of 3rd period - Icing by Steve Downie.
12:00 of 3rd period - Justin Abdelkader wins face-off versus Frans Nielsen in Canadiens zone.
12:07 of 3rd period - Wrist shot by Adam Burish.
12:07 of 3rd period - Stopped by Henrik Lundqvist without a rebound.
12:08 of 3rd period - Henrik Sedin wins face-off versus Andy Miele in Canadiens zone.
12:16 of 3rd period - Off-side.
12:17 of 3rd period - Andy Miele wins face-off versus Henrik Sedin in neutral zone.
12:35 of 3rd period - Wrist shot by Benoit Pouliot.
12:35 of 3rd period - Stopped by Viktor Fasth with a rebound.
12:50 of 3rd period - Slapshot by Corey Perry.
12:50 of 3rd period - Shot Misses the Net.
13:06 of 3rd period - Slapshot by Vitaly Vishnevsky.
13:06 of 3rd period - Shot Misses the Net.
13:08 of 3rd period - Penalty to Brendan Gallagher is over, Brendan Gallagher is back on ice.
13:08 of 3rd period - Slapshot by Vitaly Vishnevsky.
13:08 of 3rd period - Stopped by Viktor Fasth with a rebound.
13:10 of 3rd period - Slapshot by Bryce Lampman.
13:10 of 3rd period - Deflect By Nate Schmidt.
13:10 of 3rd period - Stopped by Viktor Fasth without a rebound.
13:11 of 3rd period - Alexander Steen wins face-off versus Greg Stewart in Predators zone.
13:11 of 3rd period - Alexander Steen is hit by Steve Downie.
13:12 of 3rd period - Double Minor Penalty to Alexander Ovechkin for Roughing.
13:13 of 3rd period - Andy Miele wins face-off versus Frans Nielsen in Predators zone.
13:24 of 3rd period - Wrist shot by Greg Stewart.
13:24 of 3rd period - Shot Misses the Net.
13:26 of 3rd period - Slapshot by Greg Stewart.
13:26 of 3rd period - Stopped by Viktor Fasth with a rebound.
13:28 of 3rd period - Slapshot by Greg Stewart.
13:28 of 3rd period - Stopped by Viktor Fasth without a rebound.
13:29 of 3rd period - Henrik Sedin wins face-off versus Andy Miele in Predators zone.
15:24 of 3rd period - Enver Lisin is hit by Alexander Steen and loses puck.
15:33 of 3rd period - Nate Schmidt is hit by Vitaly Vishnevsky and loses puck.
15:50 of 3rd period - Nate Schmidt is hit by Greg Stewart and loses puck.
17:12 of 3rd period - Penalty to Alexander Ovechkin is over, Alexander Ovechkin is back on ice.
17:39 of 3rd period - Mark Stuart is hit by John Moore and loses puck.
17:53 of 3rd period - Slapshot by Nate Schmidt.
17:53 of 3rd period - Stopped by Henrik Lundqvist without a rebound.
17:54 of 3rd period - Alexander Ovechkin wins face-off versus Pierre-Marc Bouchard in Canadiens zone.
17:55 of 3rd period - Snap shot by Brendan Gallagher.
17:55 of 3rd period - Stopped by Henrik Lundqvist with a rebound.
17:57 of 3rd period - Snap shot by Nik Antropov.
17:57 of 3rd period - Shot Misses the Net.
17:59 of 3rd period - Slapshot by Nik Antropov.
17:59 of 3rd period - Shot Misses the Net.
18:01 of 3rd period - Snap shot by Brendan Gallagher.
18:01 of 3rd period - Shot Misses the Net.
18:03 of 3rd period - Slapshot by Ryan Mcdonagh.
18:03 of 3rd period - Shot Blocked by Mark Stuart.
18:05 of 3rd period - Slapshot by Ryan Mcdonagh.
18:05 of 3rd period - Stopped by Henrik Lundqvist without a rebound.
18:06 of 3rd period - Alexander Steen wins face-off versus Enver Lisin in Canadiens zone.
18:11 of 3rd period - Wrist shot by Alexander Steen.
18:11 of 3rd period - Shot Blocked by Shaone Morrisonn.
Goals for this period are 2 for Canadiens vs 1 for Predators.
Shots for this period are 18 for Canadiens vs 6 for Predators.

Overtime #1


0:01 of 1st overtime period - Alexander Ovechkin wins face-off versus Corey Perry in neutral zone.
0:26 of 1st overtime period - Icing by Pierre-Marc Bouchard.
0:27 of 1st overtime period - Alexander Ovechkin wins face-off versus Pierre-Marc Bouchard in Canadiens zone.
0:28 of 1st overtime period - Wrist shot by Niclas Bergfors.
0:28 of 1st overtime period - Shot Misses the Net.
0:30 of 1st overtime period - Slapshot by Ryan Murray.
0:30 of 1st overtime period - Stopped by Henrik Lundqvist with a rebound.
0:46 of 1st overtime period - Mark Stuart is hit by Niclas Bergfors and loses puck.
1:03 of 1st overtime period - Alexander Steen is hit by Benoit Pouliot and loses puck.
1:49 of 1st overtime period - Icing by Adam Burish.
1:50 of 1st overtime period - Frans Nielsen wins face-off versus Alexander Steen in Predators zone.
1:51 of 1st overtime period - Slapshot by Benoit Pouliot.
1:51 of 1st overtime period - Shot Misses the Net.
2:03 of 1st overtime period - Slapshot by Alexander Steen.
2:03 of 1st overtime period - Shot Misses the Net.
2:35 of 1st overtime period - John Moore is hit by Mark Stuart and loses puck.
3:13 of 1st overtime period - Snap shot by Greg Stewart.
3:13 of 1st overtime period - Stopped by Viktor Fasth without a rebound.
3:14 of 1st overtime period - Alexander Ovechkin wins face-off versus Pierre-Marc Bouchard in Predators zone.
3:57 of 1st overtime period - Shaone Morrisonn is hit by John Moore and loses puck.
4:25 of 1st overtime period - Ryan Mcdonagh is hit by Raphael Diaz and loses puck.
Goals for this period are 0 for Canadiens vs 0 for Predators.
Shots for this period are 1 for Canadiens vs 1 for Predators.

ShootOut


5:00 of 1st overtime period - Round #1.
5:00 of 1st overtime period - Canadiens, Corey Perry.
5:00 of 1st overtime period - Snap shot by Corey Perry.
5:00 of 1st overtime period - Shot Misses the Net.
5:00 of 1st overtime period - Predators, Alexander Ovechkin.
5:00 of 1st overtime period - Deke by Alexander Ovechkin.
5:00 of 1st overtime period - Shot Misses the Net.
5:00 of 1st overtime period - Round #2.
5:00 of 1st overtime period - Canadiens, Frans Nielsen.
5:00 of 1st overtime period - Backhand shot by Frans Nielsen.
5:00 of 1st overtime period - Shot Misses the Net.
5:00 of 1st overtime period - Predators, Niclas Bergfors.
5:00 of 1st overtime period - Backhand shot by Niclas Bergfors.
5:00 of 1st overtime period - Stopped by Henrik Lundqvist.
5:00 of 1st overtime period - Round #3.
5:00 of 1st overtime period - Canadiens, Greg Stewart.
5:00 of 1st overtime period - Backhand shot by Greg Stewart.
5:00 of 1st overtime period - Shot Misses the Net.
5:00 of 1st overtime period - Predators, Andy Miele.
5:00 of 1st overtime period - Snap shot by Andy Miele.
5:00 of 1st overtime period - Shot Misses the Net.
5:00 of 1st overtime period - Round #4.
5:00 of 1st overtime period - Canadiens, Benoit Pouliot.
5:00 of 1st overtime period - Deke by Benoit Pouliot.
5:00 of 1st overtime period - Shot Misses the Net.
5:00 of 1st overtime period - Predators, Mikael Granlund.
5:00 of 1st overtime period - Deke by Mikael Granlund.
5:00 of 1st overtime period - Goal by Mikael Granlund.